 Dungeon Crawl Stone Soup version 0.24.0-37-gcf1ca852f1 (webtiles) character file.

Game seed: 8267104312747917262, levelgen mode: deterministic

366 Iamsoldier the Conjurer (level 6, -8/35 HPs)
             Began as a Deep Elf Conjurer on Nov 28, 2019.
             Mangled by a bullfrog (9 damage)
             ... on level 7 of the Dungeon.
             The game lasted 00:10:17 (3494 turns).

Iamsoldier the Conjurer (Deep Elf Conjurer)         Turns: 3494, Time: 00:10:18

Health: -8/35      AC:  4    Str:  5    XL:     6   Next: 40%
Magic:  0/15       EV: 14    Int: 22    God:
Gold:   207        SH:  0    Dex: 15    Spells: 5/14 levels left

rFire    . . .     SeeInvis .   l - +0 dagger
rCold    . . .     Gourm    .   (no shield)
rNeg     . . .     Faith    .   a - +0 robe
rPois    .         Spirit   .   b - +2 hat
rElec    .         Reflect  .   (no cloak)
rCorr    .         Harm     .   (no gloves)
MR       .....                  (no boots)
Stlth    ++........             h - amulet of regeneration
HPRegen  0.51/turn              (no ring)
MPRegen  0.14/turn              (no ring)

@: no status effects
A: no striking features
a: no special abilities


You were on level 7 of the Dungeon.
You were very hungry.

You visited 1 branch of the dungeon, and saw 5 of its levels.

You collected 207 gold pieces.

Inventory:

Hand Weapons
 l - a +0 dagger (weapon)
 q - a +0 dagger
Armour
 a - a +0 robe (worn)
 b - a +2 hat (worn)
 d - a cursed +0 leather armour
Jewellery
 h - an amulet of regeneration (around neck)
Wands
 m - a wand of acid (3)
Scrolls
 i - 2 scrolls of remove curse
 k - 2 scrolls of teleportation
 o - a scroll of immolation {unknown}
 r - 2 scrolls of enchant armour
Potions
 e - a potion of curing
 f - a potion of flight {unknown}
 g - a potion of haste
 j - a potion of might {unknown}
 n - a potion of mutation {unknown}
Comestibles
 c - 6 rations


   Skills:
 + Level 1.6 Fighting
 + Level 4.2 Dodging
 - Level 2.5 Stealth
 + Level 4.8 Spellcasting
 * Level 6.6 Conjurations


You had 5 spell levels left.
You knew the following spells:

 Your Spells              Type           Power        Failure   Level  Hunger
a - Magic Dart            Conj           ####         1%          1    None
b - Iskenderun's Mystic   Conj           ####....     7%          4    ####...
c - Fulminant Prism       Conj/Hex       ###.......   26%         4    ####...

Your spell library contained the following spells:

 Spells                   Type           Power        Failure   Level  Hunger
 Searing Ray              Conj           ####..       1%          2    None
 Dazzling Spray           Conj/Hex       ###...       8%          3    ##.....
 Force Lance              Conj/Tloc      ###.....     26%         4    ####...


Dungeon Overview and Level Annotations

Branches:
Dungeon (7/15)
 Temple: D:4-7

Altars:
Gozag

Annotations:
D:6 Dowan, Duvessa, Eustachio


Message History

* * * LOW HITPOINT WARNING * * *
Casting: Magic Dart (safe; 1% risk of failure)
Confirm with . or Enter, or press ? or * to list all spells.
Aiming: Magic Dart (safe; 1% risk of failure)
Press: ? - help, Shift-Dir - straight line, f/p - bullfrog
Aim: a bullfrog (heavily wounded)
The magic dart hits the bullfrog.
The bullfrog is heavily wounded.
The bullfrog hits you but does no damage.
Casting: Magic Dart (safe; 1% risk of failure)
Confirm with . or Enter, or press ? or * to list all spells.
Aiming: Magic Dart (safe; 1% risk of failure)
Press: ? - help, Shift-Dir - straight line, f/p - bullfrog
Aim: a bullfrog (heavily wounded)
The magic dart hits the bullfrog.
The bullfrog is severely wounded.
The bullfrog hits you!
* * * LOW HITPOINT WARNING * * *
The bullfrog hits you!
You die...

...#. .....## #
### .......
.#...
#.....##.#.#
<#......#...#
.........).##
....$...F?..##
#.....)@.....#
.......##.##[..
....... ..
.#..... ...
....### ...
###. .. # #


You could see a bullfrog.

Vanquished Creatures
  An ogre (D:7)
  A centaur (D:6)
  A centaur zombie (D:6)
  An orc priest (D:3)
  6 adders
  4 worms
  5 leopard geckos
  8 orcs
  2 ball pythons
  3 giant cockroaches
  7 goblins
  8 hobgoblins
  3 jackals (D:1)
  6 kobolds
  A quokka (D:2)
  2 bats (D:1)
  A frilled lizard (D:3)
  A giant cockroach zombie (D:6)
  14 rats
75 creatures vanquished.

Notes
Turn   | Place    | Note
-------+----------+-------------------------------------------
     0 | D:1      | Iamsoldier the Deep Elf Conjurer began the quest for the
                  | Orb.
     0 | D:1      | Reached XP level 1. HP: 10/10 MP: 6/6
   605 | D:1      | Reached XP level 2. HP: 15/15 MP: 5/8
   852 | D:1      | Reached skill level 5 in Conjurations
  1000 | D:1      | Reached XP level 3. HP: 19/19 MP: 4/9
  1600 | D:2      | Found an opulent altar of Gozag.
  1909 | D:2      | Reached XP level 4. HP: 24/24 MP: 8/11
  2906 | D:3      | Learned a level 4 spell: Iskenderun's Mystic Blast
  2911 | D:3      | Learned a level 4 spell: Fulminant Prism
  2950 | D:3      | Reached XP level 5. HP: 28/28 MP: 4/13
  2951 | D:3      | Reached skill level 1 in Fighting
  3153 | D:3      | Reached skill level 6 in Conjurations
  3239 | D:3      | You fall into a shaft and drop 3 floors!
  3246 | D:6      | Noticed Eustachio
  3392 | D:6      | Noticed a centaur
  3408 | D:6      | Noticed a sky beast
  3420 | D:6      | Killed a centaur
  3420 | D:6      | Reached XP level 6. HP: 14/34 MP: 0/14
  3424 | D:6      | Noticed Duvessa
  3424 | D:6      | Noticed Dowan
  3494 | D:7      | HP: 1/35 [bullfrog (9)]
  3494 | D:7      | Mangled by a bullfrog

Levels and vault maps discovered:
D:1:      dpeg_arrival_ratfight, layout_loops_ring
D:2:      layout_rooms, first_ration, minivault_24, minmay_misc_feat_encased,
          grunt_gozag_breadcrumbs
D:3:      layout_basic, lemuel_doored_altar
D:6:      layout_basic, nicolae_overflow_hidden_temple,
          minmay_temple_entry_slanted, uniq_duvessa, uniq_eustachio
D:7:      layout_rooms, serial_shops, nicolae_shop_statue_plus, uniq_joseph

Skill      XL: |  1  2  3  4  5 |
---------------+----------------+-----
Conjurations   | 5 6 |  6.6
Dodging        | 3 4 |  4.2
Spellcasting   | 4 |  4.8
Fighting       | 1 |  1.6
Stealth        | |  2.5

Action                   |  1- 3 |  4- 6 || total
-------------------------+-------+-------++-------
Melee: Unarmed           |     4 |       ||     4
       Dagger            |       |    23 ||    23
 Cast: Magic Dart        |    83 |    95 ||   178
       Iskenderun's Myst |       |     5 ||     5
Evoke: Wand              |       |     1 ||     1
  Use: Scroll            |     3 |     2 ||     5
       Potion            |       |     2 ||     2
  Eat: Chunk             |     3 |     4 ||     7
Armor: Robe              |     5 |     8 ||    13
Dodge: Dodged            |    18 |    59 ||    77
